 Dungeon Crawl Stone Soup version 0.28-a0-845-gfc338a8e3c (webtiles) character file.

Game seed: 3703542752198411731

71 cheechan the Sneak (level 4, -6/31 HPs)
             Began as an Octopode Monk on Nov 12, 2021.
             Mangled by a gnoll (7 damage)
             ... on level 3 of the Dungeon.
             The game lasted 00:08:54 (1694 turns).

cheechan the Sneak (Octopode Monk)                  Turns: 1694, Time: 00:08:55

Health: -6/31      AC:  1    Str: 10    XL:     4   Next: 24%
Magic:  4/4        EV: 11    Int: 12    God:
Gold:   111        SH:  7    Dex: 15    Spells: 2/3 levels left

rFire   . . .      SeeInvis .   a - +0 short sword
rCold   . . .      Faith    .   d - +0 kite shield
rNeg    . . .      Spirit   .   (helmet restricted)
rPois   .          Reflect  .   (no amulet)
rElec   .          Harm     .   g - ring of resist corrosion
rCorr   +          Rampage  .   (no ring)
Will    .....                   (no ring)
Stlth   ++++......              (no ring)
HPRegen 0.10/turn               (no ring)
MPRegen 0.09/turn               (no ring)
                                (no ring)
                                (no ring)

@: no status effects
A: almost no armour, amphibious, 8 rings, camouflage 1, gelatinous body 1,
(nimble swimmer 1), tentacles
a: no special abilities


You were on level 3 of the Dungeon.
You visited 1 branch of the dungeon, and saw 3 of its levels.

You collected 111 gold pieces.

Inventory:

Hand Weapons
 a - a +0 short sword (weapon)
Missiles
 c - 3 poisoned darts (quivered)
 h - 18 arrows
Armour
 d - a +0 kite shield (worn)
Jewellery
 g - a ring of resist corrosion (left tentacle)
Scrolls
 f - 2 scrolls of identify
Potions
 e - a potion of might


   Skills:
 + Level 3.3 Fighting
 + Level 3.6 Short Blades
 + Level 3.3 Dodging
 + Level 4.3 Stealth


You had 2 spell levels left.
You knew the following spells:

 Your Spells              Type           Power      Damage    Failure   Level
a - Magic Dart            Conj           0%         1d3       93%         1

Your spell library contained the following spells:

 Spells                   Type           Power      Damage    Failure   Level
 Call Imp                 Summ           0%         N/A       98%         2
 Sublimation of Blood     Necr           0%         N/A       98%         2
 Wereblood                Tmut           0%         N/A       98%         2
 Mephitic Cloud           Conj/Pois/Air  0%         N/A       100%        3
 Summon Hydra             Summ           0%         N/A       100%        7


Dungeon Overview and Level Annotations

Branches:
Dungeon (3/15)

Altars:


Innate Abilities, Weirdness & Mutations

You cannot wear most types of armour.
You are amphibious.
You can wear up to eight rings at the same time.
Your skin changes colour to match your surroundings (Stealth+).
Your rubbery body absorbs attacks. (AC +1, EV +1)
((You are camouflaged near water. (Stealth+)))
You have tentacles for arms and can constrict up to eight enemies at once.


Message History

The gnoll moves out of view.
The gnoll shouts! x3
You hit the gnoll. You grab the gnoll.
The gnoll is lightly wounded.
You constrict the gnoll. The gnoll barely misses you.
The gnoll hits you with a +0 club.
Unknown command.
You hit the gnoll. You squeeze the gnoll.
The gnoll is almost dead.
You constrict the gnoll. The gnoll closely misses you.
The gnoll barely misses you. The gnoll hits you with a +0 club.
Unknown command.
You hit the gnoll.
You kill the gnoll!
The gnoll hits you from afar with a +0 spear!
The gnoll closely misses you.
The gnoll hits you from afar with a +0 spear!
* * * LOW HITPOINT WARNING * * *
You feel better. The gnoll hits you with a +0 club.
You block the gnoll's attack.
You hit the gnoll. You grab the gnoll.
The gnoll is moderately wounded.
You constrict the gnoll. The gnoll hits you with a +0 club!
* * * LOW HITPOINT WARNING * * *
You block the gnoll's attack.
Okay, then.
You release your grip on the gnoll.
You block the gnoll's attack.
A ball python comes into view.
A hobgoblin comes into view.
Found a spear.
The gnoll hits you with a +0 spear.
* * * LOW HITPOINT WARNING * * *
You hit the gnoll. Your grab misses the gnoll.
The gnoll is lightly wounded.
You block the gnoll's attack.
You closely miss the gnoll. Your grab misses the gnoll.
The gnoll is lightly wounded.
The gnoll hits you with a +0 spear!
You die...

#..#.#.###g....####....
#...#..#....###......#
#....#.#####...####†#
##S..#.### #..### ..#
##..#.#.# #..## #..#
#..)..#.#####.# #.## ..
#..g...#.. #.
###g####.# .. #@####.
.# #...#.. #####.


You could see 2 gnolls.

Vanquished Creatures
  An adder (D:2)
  A gnoll (D:3)
  A dart slug (D:2)
  8 ball pythons
  3 bats
  6 endoplasms
  A giant cockroach (D:1)
  7 goblins
  3 hobgoblins
  2 jackals (D:3)
  A quokka (D:1)
  3 frilled lizards
  6 kobolds
  2 rats
45 creatures vanquished.

Notes
Turn   | Place    | Note
-------+----------+-------------------------------------------
     0 | D:1      | cheechan the Octopode Monk began the quest for the Orb.
     0 | D:1      | Reached XP level 1. HP: 16/16 MP: 1/1
    84 | D:1      | Reached XP level 2. HP: 21/21 MP: 2/2
   153 | D:1      | Reached skill level 3 in Stealth
   514 | D:1      | Reached XP level 3. HP: 20/26 MP: 3/3
   537 | D:1      | Found a faded altar of an unknown god.
  1205 | D:2      | Reached skill level 4 in Stealth
  1247 | D:2      | Learned a level 1 spell: Magic Dart
  1424 | D:3      | Reached XP level 4. HP: 16/31 MP: 4/4
  1692 | D:3      | HP: 1/31 [gnoll (6)]
  1694 | D:3      | Mangled by a gnoll

Illustrated notes

Levels and vault maps discovered:
D:1:      minmay_arrival_radiant_lines, layout_basic,
          shapermc_ecumenical_altar_mp_vishouse, chequers_serial_rivers_large_a,
          st_stairs_6, kennysheep_minor_cross
D:2:      layout_loops_ring, nrook_mini_vaults
D:3:      minmay_evil_eye, layout_loops_ring, nemelex_diamond_rough_becter,
          uniq_jessica

Skill      XL: |  1  2  3 |
---------------+----------+-----
Stealth        | 3 4 |  4.3
Fighting       | |  3.3
Short Blades   | |  3.6
Dodging        | |  3.3

Action                   |  1- 3 |  4- 6 || total
-------------------------+-------+-------++-------
Melee: Short sword       |    72 |    10 ||    82
       Tentacles         |     9 |     3 ||    12
       Constrict         |    14 |     3 ||    17
  Use: Scroll            |     4 |       ||     4
       Potion            |     1 |     1 ||     2
 Stab: Sleeping          |    14 |     2 ||    16
Armor: Skin              |     4 |     1 ||     5
Dodge: Dodged            |    32 |     6 ||    38
Block: Kite shield       |    20 |     5 ||    25

Table legend: (Time is in decaauts)
 A = Elapsed time spent in this place.
 B = Non-inter-level travel time spent in this place.
 C = Inter-level travel time spent in this place.
 D = Time resting spent in this place.
 E = Time spent auto-exploring this place.
 F = Levels seen in this place.
 G = Mean time per level.
                   A        B        C        D        E       F      G
               +--------+--------+--------+--------+--------+-----+--------+
         Total |   1702 |   1702 |      0 |      0 |      0 |   3 |  567.3 |
       Dungeon |   1702 |   1702 |      0 |      0 |      0 |   3 |  567.3 |
               +--------+--------+--------+--------+--------+-----+--------+

Top non-repeatable levels by time:
     D:1: 762 daAuts
     D:2: 603 daAuts
     D:3: 337 daAuts
